 Dungeon Crawl Stone Soup version 0.30.1-9-gdf580d7c3d (webtiles) character file.

Game seed: 16666104209772999896

560 boopmooplesden the Twirler (level 7, -1/60 HPs)
             Began as a Minotaur Gladiator on Oct 16, 2023.
             Slain by an ice beast (14 damage)
             ... on level 5 of the Dungeon.
             The game lasted 00:03:22 (2796 turns).

boopmooplesden the Twirler (Minotaur Gladiator)     Turns: 2796, Time: 00:03:24

Health: -1/60      AC:  3    Str: 20    XL:     7   Next: 9%
Magic:  6/6        EV: 13    Int:  5    God:
Gold:   268        SH:  0    Dex: 12    Spells: 6/6 levels left

rFire   . . .        a - +1 quarterstaff
rCold   . . .        (shield currently unavailable)
rNeg    . . .        b - +0 leather armour
rPois   .            c - +0 hat
rElec   .            (no cloak)
rCorr   .            (no gloves)
SInv    .            (no boots)
Will    +....        (no amulet)
Stlth   ++           (no ring)
HPRegen 0.30/turn    (no ring)
MPRegen 0.10/turn

%: no passive effects
@: studying Air Magic
A: horns 2, retaliatory headbutt, strong-willed 1, sturdy frame 1
a: no special abilities


You were on level 5 of the Dungeon.
You visited 1 branch of the dungeon, and saw 5 of its levels.

You collected 268 gold pieces.

Inventory:

Hand Weapons
 a - a +1 quarterstaff (weapon)
Missiles
 d - 2 throwing nets (quivered)
 e - a javelin
Armour
 b - a +0 leather armour (worn)
 c - a +0 hat (worn)
 o - a +0 scale mail
Magical Staves
 f - a staff of cold
Jewellery
 r - a ring of magical power
Scrolls
 g - a scroll of poison
 l - a scroll of teleportation
 m - a scroll of fog
 n - 2 scrolls of identify
 p - a scroll of amnesia {unknown}
 t - a scroll of noise {unknown}
Potions
 h - 2 potions of cancellation {unknown}
 i - 2 potions of curing {unknown}
 j - 2 potions of heal wounds {unknown}
 k - 2 potions of invisibility {unknown}
 q - 2 potions of might {unknown}
 s - a potion of berserk rage {unknown}
 u - a potion of attraction {unknown}


   Skills:
 + Level 4.3 Fighting
 + Level 7.6 Staves
 + Level 2.1 Throwing
 + Level 1.3 Armour
 + Level 4.9 Dodging
 + Level 1.1 Stealth


You had 6 spell levels left.
You didn't know any spells.
Your spell library contained the following spells:

 Spells                   Type           Power      Damage    Failure   Level
 Shock                    Conj/Air       0%         1d3       50%         1
 Ignite Poison            Fire/Tmut/Pois 0%         N/A       86%         3
 Portal Projectile        Hex/Tloc       0%         N/A       86%         3
 Summon Guardian Golem    Hex/Summ       0%         N/A       86%         3
 Swiftness                Air            0%         N/A       86%         3
 Tukima's Dance           Hex            0%         N/A       86%         3
 Airstrike                Air            0%         2d(0-16)  99%         4
 Passage of Golubria      Tloc           0%         N/A       99%         4
 Summon Ice Beast         Ice/Summ       0%         N/A       99%         4
 Blade Hands              Tmut           0%         N/A       100%        5
 Summon Mana Viper        Hex/Summ       0%         N/A       100%        5
 Yara's Violent Unravell  Hex/Tmut       0%         3d3       100%        5
 Orb of Destruction       Conj           0%         9d5       100%        7
 Spellforged Servitor     Conj/Summ      0%         N/A       100%        7


Dungeon Overview and Level Annotations

Branches:
Dungeon (5/15)
 Temple: D:4-7

Altars:


Innate Abilities, Weirdness & Mutations

You have a pair of horns on your head.
You reflexively headbutt those who attack you in melee.
You are strong-willed. (Will+)
Your movements are slightly less encumbered by armour. (ER -2)


Message History

The jackal completely misses you. You furiously retaliate!
You headbutt the jackal. The jackal bites you.
You sock the jackal!
You kill the jackal!
The jackal closely misses you. The jackal closely misses you.
You furiously retaliate!
You headbutt the jackal.
A gnoll comes into view. It is wielding a +0 spear.
You see here a jackal corpse.
The gnoll shouts!
You hit the ice beast but do no damage.
The jackal bites you but does no damage.
The ice beast closely misses you. The jackal bites you.
You hit the ice beast.
The ice beast is lightly wounded.
The jackal barely misses you. You furiously retaliate!
You headbutt the jackal. The ice beast hits you. The ice beast freezes you!
You closely miss the ice beast.
The ice beast is lightly wounded.
The jackal bites you.
The ice beast hits you but does no damage.
You hit the ice beast. Your headbutt misses the ice beast.
The ice beast is lightly wounded.
The jackal closely misses you. The jackal bites you. The ice beast hits you.
The ice beast freezes you! The gnoll closely misses you.
You hit the ice beast.
The ice beast is moderately wounded.
The jackal bites you but does no damage.
You sock the jackal!
You kill the jackal!
The gnoll hits you from afar with a +0 spear!
The ice beast barely misses you. The gnoll hits you with a +0 club.
You closely miss the ice beast.
The ice beast is moderately wounded.
The gnoll hits you from afar with a +0 spear.
* * * LOW HITPOINT WARNING * * *
The ice beast hits you.
* * * LOW HITPOINT WARNING * * *
The ice beast freezes you!
You die...

#g#.......#..........
.........#.^........
#.......#..........
..###......#..........
..........#..........
##.................
+g..##............
#####...##.#..(.......
#...g@..##.#..........
....#..Y.###.#..........
.............+..........
##.#.......##..........
.. ..............#..###
.# ......###### #. .
.####.># #. #.##


You could see an ice beast and 2 gnolls.

Vanquished Creatures
  Sigmund (D:3)
  An orc warrior (D:4)
  An ogre (D:4)
  A hound (D:5)
  An orc priest (D:4)
  An iguana (D:5)
  3 adders
  3 worms
  2 dart slugs (D:2)
  16 orcs
  6 endoplasms
  2 giant cockroaches
  3 goblins
  11 hobgoblins
  3 jackals (D:5)
  2 quokkas
  8 ball pythons
  4 bats
  2 frilled lizards (D:3)
  7 kobolds
  6 rats
84 creatures vanquished.

Notes
Turn   | Place    | Note
-------+----------+-------------------------------------------
     0 | D:1      | boopmooplesden the Minotaur Gladiator began the quest for
                  | the Orb.
     0 | D:1      | Reached XP level 1. HP: 18/18 MP: 0/0
   291 | D:1      | Reached XP level 2. HP: 25/25 MP: 1/1
   303 | D:1      | Reached skill level 4 in Staves
   425 | D:1      | Gained mutation: Your movements are slightly less
                  | encumbered by armour. (ER -2) [potion of mutation]
   425 | D:1      | Gained mutation: You are strong-willed. (Will+) [potion of
                  | mutation]
   890 | D:2      | Reached XP level 3. HP: 30/30 MP: 2/2
  1005 | D:2      | Got Sif Muna's Volume of Called Envenoming
  1273 | D:3      | Found a faded altar of an unknown god.
  1591 | D:3      | Reached XP level 4. HP: 38/38 MP: 3/3
  1692 | D:3      | Noticed Sigmund
  1698 | D:3      | Killed Sigmund
  1699 | D:3      | Reached skill level 6 in Staves
  1699 | D:3      | Reached skill level 1 in Armour
  1699 | D:3      | Reached XP level 5. HP: 46/46 MP: 4/4
  1992 | D:3      | You fall into a shaft and drop 1 floor!
  2002 | D:4      | Noticed an ogre
  2010 | D:4      | Killed an ogre
  2011 | D:4      | Reached XP level 6. HP: 52/52 MP: 5/5
  2014 | D:4      | Noticed an orc warrior
  2026 | D:4      | Killed an orc warrior
  2027 | D:4      | Reached skill level 7 in Staves
  2027 | D:4      | Reached skill level 1 in Stealth
  2712 | D:5      | Entered Level 5 of the Dungeon
  2720 | D:5      | Reached XP level 7. HP: 60/60 MP: 6/6
  2796 | D:5      | Slain by an ice beast

Illustrated notes

Levels and vault maps discovered:
D:1:      evilmike_arrival_hilbert_curve, layout_rooms,
          amcnicky_mini_rare_corridor_liquid, kennysheep_nondescript
D:2:      layout_basic, kennysheep_generic_room_7
D:3:      layout_loops_ring, dreamdust_ecumenical_altar_grove, uniq_sigmund
D:4:      layout_rooms, minmay_manual_monstrance
D:5:      layout_basic, mainiacjoe_overflow_surrounded_room, serial_rivers,
          chequers_serial_rivers_small_a, chequers_serial_rivers_micro_a,
          chequers_serial_rivers_micro_a, chequers_serial_rivers_micro_a

Skill      XL: |  1  2  3  4  5  6 |
---------------+-------------------+-----
Staves         | 4 6 7 |  7.6
Fighting       | 3 4 |  4.3
Dodging        | 4 |  4.9
Armour         | 1 |  1.3
Stealth        | 1 |  1.1
Throwing       | |  2.1

Action                     |  1- 3 |  4- 6 |  7- 9 || total
---------------------------+-------+-------+-------++-------
  Melee: Quarterstaff      |    86 |    71 |    16 ||   173
         Headbutt          |    12 |    17 |     2 ||    31
  Throw: Throwing net      |       |     1 |       ||     1
    Use: Scroll            |     6 |       |       ||     6
         Potion            |     1 |       |       ||     1
   Stab: Sleeping          |       |     1 |       ||     1
 Armour: Leather armour    |    19 |     9 |     5 ||    33
  Dodge: Dodged            |    55 |    52 |    20 ||   127
